 Dungeon Crawl Stone Soup version 0.30.1-3-gfc49f6343a (webtiles) character file.

Game seed: 9634202195349979061

449 Peloso the Covered (level 6, -7/53 HPs)
             Began as a Minotaur Fighter on July 21, 2023.
             Mangled by Blork the orc
             ... wielding a +0 scimitar of protection
              (10 damage)
             ... on level 4 of the Dungeon.
             The game lasted 00:05:26 (2179 turns).

Peloso the Covered (Minotaur Fighter)               Turns: 2179, Time: 00:05:27

Health: -7/53      AC: 12    Str: 20    XL:     6   Next: 74%
Magic:  5/5        EV:  6    Int:  5    God:
Gold:   168        SH:  5    Dex: 12    Spells: 5/5 levels left

rFire   . . .        a - +0 long sword
rCold   . . .        d - +0 buckler
rNeg    + . .        c - +0 plate armour
rPois   .            (helmet restricted)
rElec   .            (no cloak)
rCorr   .            (no gloves)
SInv    .            (no boots)
Will    .....        p - amulet of the acrobat Stlth
                     l - ring of positive energy
HPRegen 0.28/turn    (no ring)
MPRegen 0.09/turn

%: acrobat
@: no status effects
A: horns 2, retaliatory headbutt
a: no special abilities


You were on level 4 of the Dungeon.
You visited 1 branch of the dungeon, and saw 4 of its levels.

You collected 168 gold pieces.

Inventory:

Hand Weapons
 a - a +0 long sword (weapon)
Armour
 b - a +0 scale mail
 c - a +0 plate armour (worn)
 d - a +0 buckler (worn)
Jewellery
 l - a ring of positive energy (left hand)
 p - an amulet of the acrobat (around neck)
Wands
 g - a wand of quicksilver (10)
 j - a wand of flame (42)
 m - a wand of polymorph (9)
Scrolls
 e - a scroll of immolation {unknown}
 f - a scroll of noise {unknown}
 h - a scroll of enchant armour
 i - 2 scrolls of teleportation
 k - a scroll of enchant weapon {unknown}
 n - a scroll of blinking {unknown}
Potions
 o - a potion of resistance {unknown}
 q - a potion of flight


   Skills:
 + Level 4.3 Fighting
 + Level 5.4 Long Blades
 + Level 6.2 Armour
 + Level 2.0 Dodging
 + Level 4.5 Shields


You had 5 spell levels left.
You didn't know any spells.
Your spell library was empty.

Dungeon Overview and Level Annotations

Branches:
Dungeon (4/15)
 Temple: D:4-7

Altars:
Dithmenos
Makhleb
Uskayaw

Annotations:
D:1 Dig
D:4 Blork the orc


Innate Abilities, Weirdness & Mutations

You have a pair of horns on your head.
You reflexively headbutt those who attack you in melee.


Message History

Blork the orc hits you but does no damage.
You hit Blork the orc. Your headbutt misses Blork the orc.
Blork the orc is severely wounded.
Blork the orc hits you with a +0 scimitar of protection!
You hit Blork the orc but do no damage.
Blork the orc is severely wounded.
Blork the orc gestures at you while chanting.
The puff of flame misses you.
You hit Blork the orc but do no damage. Your headbutt misses Blork the orc.
Blork the orc is severely wounded.
Blork the orc hits you with a +0 scimitar of protection.
You closely miss Blork the orc.
Blork the orc is severely wounded.
Blork the orc hits you with a +0 scimitar of protection. x2
You hit Blork the orc but do no damage.
Blork the orc is severely wounded.
Blork the orc hits you with a +0 scimitar of protection!
* * * LOW HITPOINT WARNING * * *
You closely miss Blork the orc.
Blork the orc is severely wounded.
Blork the orc hits you with a +0 scimitar of protection!
* * * LOW HITPOINT WARNING * * *
You slash Blork the orc! Your headbutt misses Blork the orc.
Blork the orc is almost dead.
Blork the orc hits you but does no damage.
You closely miss Blork the orc. Your headbutt misses Blork the orc.
Blork the orc is almost dead.
Blork the orc casts a cantrip, but nothing happens.
Okay, then.
You hit Blork the orc but do no damage.
Blork the orc is almost dead.
Blork the orc hits you with a +0 scimitar of protection.
* * * LOW HITPOINT WARNING * * *
You barely miss Blork the orc. Your headbutt misses Blork the orc.
Blork the orc is almost dead.
Blork the orc hits you but does no damage.
You hit Blork the orc but do no damage.
Blork the orc is almost dead.
Blork the orc hits you with a +0 scimitar of protection!
You die...

#.######.# ...o.....#
.........# .........#
.......$.# ## ....K....#
... ########.######...
#o#........ #@#........
#.#........ ##.#........
###############...........
..................#####.##
###############...# #...#
#...# #...#


You could see Blork the orc.

Vanquished Creatures
  Sigmund (D:2)
  A scorpion (D:3)
  Jessica (D:3)
  Ijyb (D:3)
  An orc wizard (D:3)
  Robin (D:3)
  3 gnolls
  4 adders (D:3)
  A worm (D:1)
  2 dart slugs
  4 orcs (D:3)
  5 endoplasms
  2 giant cockroaches (D:2)
  12 goblins
  11 hobgoblins
  4 kobolds
  4 quokkas
  6 bats
  2 frilled lizards (D:1)
  2 rats
68 creatures vanquished.

Notes
Turn   | Place    | Note
-------+----------+-------------------------------------------
     0 | D:1      | Peloso the Minotaur Fighter began the quest for the Orb.
     0 | D:1      | Reached XP level 1. HP: 19/19 MP: 0/0
   188 | D:1      | Reached XP level 2. HP: 27/27 MP: 1/1
   270 | D:1      | Found a faded altar of an unknown god.
   318 | D:1      | Reached skill level 4 in Armour
   772 | D:2      | Reached XP level 3. HP: 32/33 MP: 2/2
   848 | D:2      | HP: 1/33 [gnoll/+0 spear (6)]
   856 | D:2      | HP: 1/33 [quokka (2)]
   859 | D:1      | Reached skill level 1 in Dodging
  1071 | D:2      | Reached XP level 4. HP: 40/40 MP: 3/3
  1137 | D:2      | Noticed Sigmund
  1144 | D:2      | Killed Sigmund
  1145 | D:2      | Reached skill level 5 in Armour
  1145 | D:2      | Reached XP level 5. HP: 34/46 MP: 4/4
  1308 | D:3      | Found a burning altar of Makhleb.
  1308 | D:3      | Found a shadowy altar of Dithmenos.
  1354 | D:3      | Noticed Ijyb
  1371 | D:3      | Killed Ijyb
  1450 | D:3      | Reached XP level 6. HP: 52/52 MP: 5/5
  1462 | D:3      | Noticed Jessica
  1469 | D:3      | Killed Jessica
  1470 | D:3      | Reached skill level 6 in Armour
  1486 | D:3      | Reached skill level 5 in Long Blades
  1615 | D:3      | Found a hide-covered altar of Uskayaw.
  1783 | D:3      | Noticed Robin
  1794 | D:3      | Killed Robin
  1939 | D:3      | Identified the +0 dagger of Ignis, Sheltering {heavy,
                  | Str+4}
  2141 | D:4      | Noticed Blork the orc
  2177 | D:4      | HP: 2/53 [Blork the orc/+0 scimitar of protection (2)]
  2179 | D:4      | Mangled by Blork the orc

Illustrated notes

Levels and vault maps discovered:
D:1:      amcnicky_arrival_double_pillar, layout_loops_ring,
          shapermc_ecumenical_altar_starsandcircs, serial_glass,
          glass_columns_b, glass_columns_a, glass_columns_a, glass_columns_a,
          glass_columns_b, glass_columns_a, item_on_display_a, nicolae_wormholes
D:2:      layout_basic, uniq_sigmund
D:3:      layout_rooms, mainiacjoe_overflow_boulevard,
          mainiacjoe_overflow_concentric_impassable, bloody_makhleb, uniq_ijyb,
          uniq_robin, uniq_jessica
D:4:      layout_basic, uniq_duvessa, uniq_blork_the_orc

Skill      XL: |  1  2  3  4  5  6 |
---------------+-------------------+-----
Armour         | 4 5 6 |  6.2
Shields        | 4 |  4.5
Fighting       | 4 |  4.3
Long Blades    | 3 4 5 |  5.4
Dodging        | 1 2 |  2.0

Action                     |  1- 3 |  4- 6 || total
---------------------------+-------+-------++-------
  Melee: Long sword        |    69 |   126 ||   195
         Headbutt          |     6 |    19 ||    25
    Use: Scroll            |     3 |     1 ||     4
         Potion            |     2 |     3 ||     5
 Armour: Scale mail        |    50 |    36 ||    86
         Plate armour      |       |     9 ||     9
  Dodge: Dodged            |    50 |    67 ||   117
  Block: Buckler           |    31 |    28 ||    59
